 Dungeon Crawl Stone Soup version 0.26-a0-1101-g8f9f7f7418 (webtiles) character file.

Game seed: 3913525337461312058

5316 1994 the Destroyer (level 10, -5/81 HPs)
             Began as a Demigod Conjurer on Dec 15, 2020.
             Slain by a two-headed ogre
             ... wielding a cursed -1 giant club
              (6 damage)
             ... while petrified by a basilisk
             ... on level 8 of the Dungeon.
             The game lasted 00:29:12 (9887 turns).

1994 the Destroyer (Demigod Conjurer)               Turns: 9887, Time: 00:29:13

Health: -5/81      AC: 10    Str: 10    XL:     10   Next: 15%
Magic:  4/21       EV:  2    Int: 28    God:
Gold:   573        SH:  0    Dex: 18    Spells: 8/19 levels left

rFire    . . .     SeeInvis .   b - +3 trident
rCold    + . .     Faith    .   (no shield)
rNeg     + + +     Spirit   .   s - +0 ring mail
rPois    ∞         Reflect  .   q - +0 helmet
rElec    +         Harm     .   (no cloak)
rCorr    .         Rampage  .   B - +2 pair of gloves
Will     +....                  (no boots)
Stlth    +++.......             (no amulet)
HPRegen  0.23/turn              G - ring of Gogix {rElec rC+ Dex+4 Stlth+}
MPRegen  0.17/turn              F - ring "Waassumn" {rPois Stlth+}

@: petrified
A: high mp 1
a: no special abilities


You were on level 8 of the Dungeon.
You visited 1 branch of the dungeon, and saw 8 of its levels.

You collected 573 gold pieces.

Inventory:

Hand Weapons
 a - a +3 dagger of venom
 b - a +3 trident (weapon)
 m - a +3 hand axe of freezing
 o - a +0 spear
 p - a +1 war axe of venom
 D - a +4 war axe
Missiles
 d - 85 sling bullets
 h - 177 stones
 k - a throwing net
Armour
 q - a +0 helmet (worn)
 s - a +0 ring mail (worn)
 v - a +2 kite shield
 B - a +2 pair of gloves (worn)
Jewellery
 z - an uncursed ring of protection from fire
 C - the ring "Qablumn" {rPois rC+ rCorr Int+3 Slay-3}
   (You found it on level 7 of the Dungeon)

   [ring of resist corrosion]

   It affects your intelligence (+3).
   It affects your accuracy and damage with ranged weapons and melee attacks
   (-3).
   It protects you from cold.
   It protects you from poison.
   It provides partial protection from all sources of acid and corrosion.
 F - the ring "Waassumn" (right hand) {rPois Stlth+}
   (You found it on level 7 of the Dungeon)

   [ring of poison resistance]

   It protects you from poison.
   It makes you more stealthy.
 G - the ring of Gogix (left hand) {rElec rC+ Dex+4 Stlth+}
   (You found it on level 7 of the Dungeon)

   [ring of protection from cold]

   It affects your dexterity (+4).
   It protects you from cold.
   It insulates you from electricity.
   It makes you more stealthy.
 H - the ring "Pepnit" {+Inv +Fly Will+++ Int-5 Dex+2}
   (You found it on level 7 of the Dungeon)

   [ring of flight]

   It affects your intelligence (-5).
   It affects your dexterity (+2).
   It affects your willpower, your defense against some magical effects.
   It lets you turn invisible.
   It lets you fly.
Wands
 l - a wand of flame (14)
 A - a wand of paralysis (8)
Scrolls
 c - a scroll of blinking
 e - 2 scrolls of immolation
 f - 2 scrolls of remove curse
 j - a scroll of magic mapping
 r - 3 scrolls of identify
 w - a scroll of teleportation {unknown}
 y - a scroll of holy word {unknown}
Potions
 g - 2 potions of flight
 i - 5 potions of curing
 n - 2 potions of haste
 x - a potion of resistance
 E - a potion of magic


   Skills:
 + Level 5.4 Fighting
 - Level 3.2 Armour
 * Level 4.5 Dodging
 - Level 1.7 Stealth
 * Level 1.9 Shields
 + Level 5.4 Spellcasting
 + Level 8.8 Conjurations
 - Level 4.0 Hexes
 - Level 4.5 Translocations


You had 8 spell levels left.
You knew the following spells:

 Your Spells              Type           Power        Failure   Level
a - Magic Dart            Conj           ####         1%          1
b - Searing Ray           Conj           ######       1%          2
c - Fulminant Prism       Conj/Hex       #####.....   11%         4
d - Iskenderun's Mystic   Conj/Tloc      #####...     10%         4

Your spell library contained the following spells:

 Spells                   Type           Power        Failure   Level
 Corona                   Hex            ####...      3%          1
 Dazzling Flash           Conj/Hex       #####.       3%          3
 Gell's Gravitas          Tloc           ####......   7%          3
 Confusing Touch          Hex            ####....     9%          3
 Tukima's Dance           Hex            ####....     9%          3
 Ensorcelled Hibernation  Hex/Ice        ###...       11%         2
 Mephitic Cloud           Conj/Pois/Air  ###.....     14%         3
 Sting                    Tmut/Pois      #...         16%         1
 Poisonous Vapours        Pois/Air       #.....       24%         2
 Ignite Poison            Fire/Tmut/Pois #.......     43%         3
 Olgreb's Toxic Radiance  Pois           #.......     83%         4
 Petrify                  Tmut/Erth      #.......     83%         4
 Metabolic Englaciation   Hex/Ice        ###.......   88%         5
 Yara's Violent Unravell  Hex/Tmut       ###.......   88%         5


Dungeon Overview and Level Annotations

Branches:
Dungeon (8/15)             Temple (0/1) D:7
   Lair: D:8-11

Portals:
Abyss: D:6

Annotations:
D:6 2 transporters, rlgrobin's ghost, weakling KoDe


Innate Abilities, Weirdness & Mutations

You have an increased reservoir of magic. (+10% MP)


Message History

The orc warrior barely misses you.
The two-headed ogre hits you with a cursed -1 giant club!
The two-headed ogre completely misses you.
You have turned to stone.
The wight hits you from afar with a +3 spear.
The orc warrior hits you with a +0 flail.
The two-headed ogre hits you with a cursed -1 giant club!!
The two-headed ogre hits you with a +0 dire flail!
The wight hits you from afar with a +3 spear.
The orc warrior hits you with a +0 flail!!
* * * LOW HITPOINT WARNING * * *
The two-headed ogre hits you with a cursed -1 giant club!
* * * LOW HITPOINT WARNING * * *
The two-headed ogre hits you but does no damage.
The wight hits you from afar with a +3 spear.
* * * LOW HITPOINT WARNING * * *
The orc warrior hits you with a +0 flail!!
* * * LOW HITPOINT WARNING * * *
The two-headed ogre hits you with a cursed -1 giant club!
You die...

#.. #.......# ...
#..###.....#.# ..
.....(.....#.# .h
..z.......#.# o
#.....).#.#### .#
#......†..<###.# ##.#
#....##§##...[.####. .#.#
#l...§§l§##......... .#.#
#z######@##.........
...######z#≈≈§§#Oo§.###.####
#...##....#≈_§≈#oz§####.#
#...)..##.#≈>.≈#§####...#
.....####.#≈≈≈ #......#.#
.....##...#'####z...###.#
##.#....#.zz...z..#.# #.#
#..........†.###....# #.#
#...#...#...## ###..# #.##


You could see a two-headed ogre, a basilisk, an orc warrior, a wight and an orc.

Vanquished Creatures
  Pikel (D:7)
  Joseph (D:7)
  Prince Ribbit (D:7)
  A slime creature (D:7)
  A wyvern (D:8)
  A yak (D:8)
  Menkaure (D:7)
  3 sky beasts (D:7)
  2 ice beasts
  2 orc warriors
  2 black bears
  5 ogres
  2 centaurs (D:7)
  2 lemures (D:7)
  6 bullfrogs
  A scorpion (D:5)
  11 killer bees (D:7)
  2 howler monkeys
  7 wights (D:7)
  A centaur zombie (D:6)
  A bullfrog skeleton (D:7)
  4 orc priests
  4 hounds
  A jelly (D:5)
  7 orc wizards
  5 worker ants
  An iguana (D:6)
  A hound zombie (D:7)
  2 hound skeletons
  A howler monkey zombie (D:7)
  Robin (D:3)
  5 gnolls
  10 adders
  2 shadow imps
  A white imp (D:6)
  An ufetubus (D:8)
  An ooze (D:1)
  2 adder zombies
  An adder skeleton (D:8)
  4 worms
  6 dart slugs
  4 leopard geckos
  24 orcs
  6 bats
  10 giant cockroaches
  16 goblins
  10 hobgoblins
  13 jackals
  8 kobolds
  3 quokkas
  4 ball pythons
  6 frilled lizards
  7 rats
225 creatures vanquished.

Vanquished Creatures (others)
  7 fulminant prisms
  A plant (D:8)
8 creatures vanquished.

Grand Total: 233 creatures vanquished

Notes
Turn   | Place    | Note
-------+----------+-------------------------------------------
     0 | D:1      | 1994 the Demigod Conjurer began the quest for the Orb.
     0 | D:1      | Reached XP level 1. HP: 14/14 MP: 5/5
   320 | D:1      | Reached XP level 2. HP: 22/22 MP: 4/7
   428 | D:1      | Learned a level 2 spell: Searing Ray
   622 | D:1      | Reached skill level 4 in Conjurations
   760 | D:1      | Reached XP level 3. HP: 19/27 MP: 5/8
   987 | D:1      | Reached skill level 1 in Fighting
  1642 | D:2      | Reached XP level 4. HP: 35/35 MP: 4/10
  1981 | D:2      | Found an iron altar of Okawaru.
  2085 | D:2      | Reached XP level 5. HP: 41/41 MP: 6/11
  2588 | D:2      | Found a sacrificial altar of Ru.
  2865 | D:3      | Found a hide-covered altar of Uskayaw.
  2947 | D:3      | Noticed Robin
  2986 | D:3      | Killed Robin
  3123 | D:3      | Reached skill level 5 in Conjurations
  3476 | D:3      | Learned a level 4 spell: Fulminant Prism
  3542 | D:3      | Reached XP level 6. HP: 44/48 MP: 13/13
  3617 | D:3      | Found a faded altar of an unknown god.
  4107 | D:4      | Reached skill level 1 in Hexes
  4603 | D:4      | Found a glowing golden altar of the Shining One.
  4701 | D:5      | Entered Level 5 of the Dungeon
  5131 | D:5      | Reached XP level 7. HP: 56/56 MP: 7/14
  5441 | D:6      | Found an ancient bone altar of Kikubaaqudgha.
  5539 | D:6      | Reached skill level 6 in Conjurations
  6105 | D:5      | Learned a level 4 spell: Iskenderun's Mystic Blast
  6375 | D:6      | Reached skill level 1 in Translocations
  6375 | D:6      | Reached XP level 8. HP: 63/63 MP: 8/16
  6608 | D:6      | Noticed a green ugly thing
  6612 | D:6      | Found a transporter.
  6615 | D:6      | Identified the +9 short sword "Kyno" {distort, Dex+3}
  6626 | D:6      | Found a one-way gate to the infinite horrors of the Abyss.
  6626 | D:6      | Noticed rlgrobin's ghost (weakling KoDe)
  6629 | D:6      | Found a transporter.
  7118 | D:7      | Found a staircase to the Ecumenical Temple.
  7148 | D:7      | Reached skill level 1 in Armour
  7454 | D:7      | Noticed Prince Ribbit
  7885 | D:7      | Noticed Pikel
  7907 | D:7      | Killed Pikel
  7908 | D:7      | Reached skill level 7 in Conjurations
  7908 | D:7      | Reached XP level 9. HP: 68/71 MP: 10/18
  8425 | D:7      | Got a brightly glowing gossamer ring
  8605 | D:7      | Reached skill level 8 in Conjurations
  8739 | D:7      | Noticed Menkaure
  8744 | D:7      | Killed Menkaure
  8818 | D:7      | Reached skill level 5 in Spellcasting
  8821 | D:7      | Reached skill level 5 in Fighting
  8889 | D:7      | Noticed Joseph
  8898 | D:7      | Killed Joseph
  8979 | D:7      | Killed Prince Ribbit
  9018 | D:7      | Identified the ring "Qablumn" {rPois rC+ rCorr Int+3
                  | Slay-3} (You found it on level 7 of the Dungeon)
  9221 | D:7      | Got a coiled iron ring
  9224 | D:7      | Got an ancient brass ring
  9231 | D:7      | Got a sparkling silver ring
  9300 | D:7      | Identified the ring "Waassumn" {rPois Stlth+} (You found it
                  | on level 7 of the Dungeon)
  9302 | D:7      | Identified the ring of Gogix {rElec rC+ Dex+4 Stlth+} (You
                  | found it on level 7 of the Dungeon)
  9304 | D:7      | Identified the ring "Pepnit" {+Inv +Fly Will+++ Int-5
                  | Dex+2} (You found it on level 7 of the Dungeon)
  9508 | D:8      | Reached XP level 10. HP: 81/81 MP: 16/21
  9597 | D:8      | Reached skill level 1 in Shields
  9709 | D:8      | Found a snail-covered altar of Cheibriados.
  9847 | D:8      | Noticed a two-headed ogre
  9886 | D:8      | HP: 1/81 [orc warrior/+0 flail (9)]
  9887 | D:8      | Slain by a two-headed ogre

Illustrated notes

Levels and vault maps discovered:
D:1:      dpeg_arrival_fog, layout_loops_ring
D:2:      layout_basic, okawaru_altar_gauntlet_db, nicolae_ru_path_of_blood
D:3:      layout_loops_ring, eat_drink_and_be_merry_uskayaw,
          chequers_ecumenical_altar_twisty, minmay_fractal_squares_5, uniq_robin
D:4:      layout_basic, nicolae_tso_swordbearing_angel
D:5:      layout_loops_ring
D:6:      layout_loops_ring, lemuel_round_altar, gammafunk_ghost_abyssal_escape
D:7:      minmay_the_grid_triangle_9x9_recursive_2
          [minmay_the_grid_triangle_9x9_prize_special,
          minmay_the_grid_triangle_9x9_alien,
          minmay_the_grid_triangle_9x9_dagger,
          minmay_the_grid_triangle_9x9_thin_v], layout_loops_cross,
          minmay_temple_entry_hall, uniq_menkaure, uniq_joseph,
          uniq_prince_ribbit1, uniq_pikel
D:8:      layout_rooms, kennysheep_mini, general_overflow_altar,
          nicolae_overflow_hidden_temple, david_lair_generic

Skill      XL: |  1  2  3  4  5  6  7  8  9 10 |
---------------+-------------------------------+-----
Dodging        | 2 3 4 |  4.5
Spellcasting   | 2 3 4 5 |  5.4
Conjurations   | 4 5 6 7 8 |  8.8
Fighting       | 1 2 3 4 5 |  5.4
Hexes          | 2 3 4 |  4.0
Translocations | 1 3 4 |  4.5
Armour         | 3 |  3.2
Shields        | 1 |  1.9
Stealth        | |  1.7

Action                   |  1- 3 |  4- 6 |  7- 9 | 10-12 || total
-------------------------+-------+-------+-------+-------++-------
Melee: Spear             |     8 |    10 |       |       ||    18
       Trident           |       |    68 |    78 |     2 ||   148
       Dagger            |       |     8 |       |       ||     8
 Cast: Magic Dart        |    61 |    50 |    21 |     9 ||   141
       Searing Ray       |     4 |    21 |    64 |     6 ||    95
       Fulminant Prism   |       |       |     1 |     6 ||     7
  Use: Scroll            |       |     6 |     6 |     2 ||    14
 Stab: Distracted        |       |     2 |       |       ||     2
       Sleeping          |       |     1 |       |       ||     1
Armor: Robe              |     6 |     1 |       |       ||     7
       Leather armour    |       |     4 |       |       ||     4
       Ring mail         |       |    32 |    70 |     4 ||   106
Dodge: Dodged            |    20 |    69 |    77 |     8 ||   174

Table legend: (Time is in decaauts)
 A = Elapsed time spent in this place.
 B = Non-inter-level travel time spent in this place.
 C = Inter-level travel time spent in this place.
 D = Time resting spent in this place.
 E = Time spent auto-exploring this place.
 F = Levels seen in this place.
 G = Mean time per level.
                   A        B        C        D        E       F      G
               +--------+--------+--------+--------+--------+-----+--------+
         Total |   9934 |   9588 |    346 |   4035 |   3460 |   8 | 1241.8 |
       Dungeon |   9934 |   9588 |    346 |   4035 |   3460 |   8 | 1241.8 |
               +--------+--------+--------+--------+--------+-----+--------+

Top non-repeatable levels by time:
     D:7: 2460 daAuts
     D:1: 1661 daAuts
     D:3: 1412 daAuts
     D:6: 1197 daAuts
     D:2: 977 daAuts
     D:5: 922 daAuts
     D:4: 888 daAuts
     D:8: 414 daAuts
